 Dungeon Crawl Stone Soup version 0.21-a0-405-gf2af9a1 (webtiles) character file.

197 Ijustatesigmund the Chopper (level 5, -6/48 HPs)
             Began as a Hill Orc Fighter on Nov 1, 2017.
             Mangled by an orc warrior
             ... wielding a +0 war axe
              (10 damage)
             ... on level 4 of the Dungeon.
             The game lasted 00:04:19 (2434 turns).

Ijustatesigmund the Chopper (Hill Orc Fighter)      Turns: 2434, Time: 00:04:20

Health: -6/48      AC:  6    Str: 19    XL:     5   Next: 75%
Magic:  5/5        EV:  8    Int:  8    God:
Gold:   94         SH: 10    Dex: 11    Spells: 4/4 levels left

rFire    . . .     SeeInvis .   a - +0 war axe
rCold    . . .     Gourm    .   c - +1 shield
rNeg     . . .     Faith    .   b - +0 ring mail (curse)
rPois    .         Spirit   .   (no helmet)
rElec    .         Reflect  .   (no cloak)
rCorr    .         Harm     .   e - +0 pair of gloves
MR       .....                  (no boots)
Stlth    +.........             (no amulet)
HPRegen  0.16/turn              (no ring)
MPRegen  0.09/turn              (no ring)

@: no status effects
A: no striking features
a: no special abilities


You were on level 4 of the Dungeon.
You were very hungry.

You visited 1 branch of the dungeon, and saw 4 of its levels.

You collected 94 gold pieces.

Inventory:

Hand Weapons
 a - a +0 war axe (weapon)
Missiles
 g - 14 tomahawks (quivered)
Armour
 b - a cursed +0 ring mail (worn)
 c - a +1 shield (worn)
 e - a +0 pair of gloves (worn)
Scrolls
 h - a scroll of remove curse
 m - a scroll of amnesia {unknown}
Comestibles
 f - 4 bread rations
 i - a royal jelly
 k - 2 meat rations


   Skills:
 + Level 5.2 Fighting
 * Level 6.4 Axes
 - Level 3.2 Armour
 - Level 3.2 Shields


You had 4 spell levels left.
You didn't know any spells.

Dungeon Overview and Level Annotations

Branches:
Dungeon (4/15)
 Temple: D:4-7

Altars:
Gozag
Hepliaklqana

Annotations:
D:3 HAL9000's ghost, amateur VSAs; Terence


Message History

You hit the orc warrior.
The orc warrior is moderately wounded.
You block the orc warrior's attack.
You hit the orc warrior but do no damage.
The orc warrior is moderately wounded.
The orc warrior misses you.
You feel better. You block the orc warrior's attack.
You feel better.
The orc warrior hits you with a war axe!
* * * LOW HITPOINT WARNING * * *
You hit the orc warrior but do no damage.
The orc warrior is moderately wounded.
You block the orc warrior's attack.
You slash the orc warrior!
The orc warrior is severely wounded.
The orc warrior completely misses you.
You barely miss the orc warrior.
The orc warrior is severely wounded.
The orc warrior hits you with a war axe!
You die...

#....<..# #.......#
#.......# #.......#
#.......+ #.......##
##........ #)#########
#########'#...@o{a#
###...#.......#####.#
..............# #.$)#
##.#.##.......#...#..
.....##.......#.###.#.
##.#.##.......# #.#.#
%#.#.##.......# ..# #
##.#..#..).)..#######
.........).........


You could see an orc warrior and a worker ant.

Vanquished Creatures
  A scorpion (D:4)
  Natasha (D:4)
  A worker ant (D:2)
  Robin (D:4)
  An adder (D:2)
  3 worms
  2 dart slugs (D:1)
  3 leopard geckos
  3 orcs
  A bat (D:1)
  2 giant cockroaches (D:1)
  15 goblins
  5 hobgoblins
  8 jackals
  A kobold (D:1)
  A quokka (D:2)
  5 frilled lizards
  8 rats
62 creatures vanquished.

Notes
Turn   | Place    | Note
-------+----------+-------------------------------------------
     0 | D:1      | Ijustatesigmund the Hill Orc Fighter began the quest for the Orb.
     0 | D:1      | Reached XP level 1. HP: 19/19 MP: 1/1
    58 | D:1      | Reached skill level 3 in Axes
   114 | D:1      | Reached XP level 2. HP: 27/27 MP: 2/2
   436 | D:1      | Reached skill level 4 in Axes
   445 | D:1      | Reached XP level 3. HP: 33/33 MP: 3/3
  1285 | D:2      | Reached skill level 5 in Axes
  1285 | D:2      | Reached XP level 4. HP: 39/41 MP: 4/4
  1704 | D:3      | Found a hazy altar of Hepliaklqana.
  1704 | D:3      | Found an opulent altar of Gozag.
  1747 | D:3      | Noticed HAL9000's ghost (amateur VSAs)
  1748 | D:3      | Noticed Terence
  1951 | D:4      | Noticed Natasha
  1952 | D:4      | Noticed Robin
  1969 | D:4      | Killed Natasha
  1969 | D:4      | Reached XP level 5. HP: 24/47 MP: 5/5
  1981 | D:4      | Killed Robin
  1981 | D:4      | Reached skill level 5 in Fighting
  2136 | D:4      | Reached skill level 6 in Axes
  2415 | D:4      | Noticed an orc warrior
  2434 | D:4      | Mangled by an orc warrior

Vault maps used:
D:1:      matt_arrival_los_fun
D:2:      first_bread
D:3:      grunt_temple_overflow_open, old_standard_altar, uniq_ijyb,
          uniq_sigmund, uniq_terence
D:4:      lemuel_coloured_pillars_altar, serial_shops,
          nicolae_shop_window_shopping, nicolae_shop_trees, shop_fountains,
          shop, kennysheep_crisscross, minmay_surrounded, uniq_natasha,
          uniq_robin, uniq_menkaure

Skill      XL: |  1  2  3  4  5 |
---------------+----------------+-----
Axes           | 3 4 5 6 |  6.4
Fighting       | 4 5 |  5.2
Armour         | |  3.2
Shields        | |  3.2

Action                   |  1- 3 |  4- 6 || total
-------------------------+-------+-------++-------
Melee: War axe           |    98 |    85 ||   183
  Use: Scroll            |     6 |       ||     6
       Potion            |     3 |     4 ||     7
  Eat: Chunk             |     1 |     3 ||     4
Armor: Scale mail        |    44 |     7 ||    51
       Ring mail         |       |    26 ||    26
Dodge: Dodged            |    27 |    24 ||    51
Block: Shield            |    46 |    66 ||   112

Table legend:
 A = Spawn XP
 B = Non-spawn XP
 C = Spawn XP percentage of total XP
 D = Spawn monster count
 E = Non-spawn monster count
 F = Spawn count percentage of total count
 G = Total turns spent on level
                    A         B        C        D         E        F      G
               +---------+---------+-------+---------+---------+-------+---------
         Total |       0 |     282 |   0.0 |       0 |      62 |   0.0 |  2434
               +---------+---------+-------+---------+---------+-------+---------
           D:1 |       0 |      41 |   0.0 |       0 |      21 |   0.0 |   826
           D:2 |       0 |      83 |   0.0 |       0 |      19 |   0.0 |   878
           D:3 |       0 |       3 |   0.0 |       0 |       2 |   0.0 |    76
           D:4 |       0 |     155 |   0.0 |       0 |      20 |   0.0 |   654
               +---------+---------+-------+---------+---------+-------+---------
